NWL (28 & UNDER)
BALZAC RAMS @ SAN DIEGO SMASHERS
09/24/2023
 
TOP OF THE 1ST
Balzac Rams batting - Pitching for San Diego Smashers : LHP Xavier Velázquez
Pitching: LHP Xavier Velázquez
Batting: RHB Thomas Christopher 0-0: Ball
1-0: Ball
2-0: Called Strike
2-1: Ground out 6-3 (Groundball, 6)
Batting: RHB Dave Craig 0-0: Called Strike
0-1: Foul Ball, location: 2F
0-2: Ground out 4-3 (Groundball, 4)
Batting: RHB Kent O'Cloonan 0-0: Ball
1-0: Ball
2-0: Ball
3-0: Base on Balls
Batting: SHB Chris Bennis 0-0: Ball
1-0: Ball
2-0: Swinging Strike
2-1: Foul Ball, location: 2F
2-2: Strikes out swinging
Top of the 1st over - 0 run(s), 0 hit(s), 0 error(s), 1 left on base; Balzac 0 - San Diego 0
BOTTOM OF THE 1ST
San Diego Smashers batting - Pitching for Balzac Rams : RHP Anthony Rigsby
Pitching: RHP Anthony Rigsby
Batting: LHB Mario Olivares 0-0: Ground out 4-3 (Groundball, 4)
Batting: LHB Pedro Cruz 0-0: Reached on error, E5 (Groundball, 56)
Batting: RHB Alonso Sánchez 0-0: Foul Ball, location: 2F
0-1: Called Strike
0-2: Ball
1-2: Foul Ball, location: 2F
1-2: Ball
2-2: Ball
3-2: Ground out 5-3 (Groundball, 56)
Batting: LHB Jeffrey Bascombe 0-0: Foul Ball, location: 2F
0-1: Foul Ball, location: 2F
0-2: Ball
1-2: Ball
2-2: DOUBLE (Line Drive, 8LD)
Pedro Cruz scores
Batting: RHB Cisco Gatán 0-0: Ball
1-0: Foul Ball, location: 2F
1-1: Ball
2-1: Foul Ball, location: 2F
2-2: SINGLE (Flyball, 9LS)
Jeffrey Bascombe to third
Batting: LHB Noriaki Sangi 0-0: Called Strike
0-1: Swinging Strike
0-2: Ball
1-2: Ball
2-2: Fly out, F8 (Flyball, 8RD)
Bottom of the 1st over - 1 run(s), 2 hit(s), 1 error(s), 2 left on base; Balzac 0 - San Diego 1
TOP OF THE 2ND
Balzac Rams batting - Pitching for San Diego Smashers : LHP Xavier Velázquez
Batting: LHB José Berroa 0-0: Called Strike
0-1: Ball
1-1: Ball
2-1: Ball
3-1: Fly out, F7 (Flyball, 7S)
Batting: LHB Colt Pope 0-0: Ball
1-0: Fly out, F5 (Popup, 5F)
Batting: RHB Enrico Ramos 0-0: Ball
1-0: Ball
2-0: Ground out 4-3 (Groundball, 4M)
Top of the 2nd over - 0 run(s), 0 hit(s), 0 error(s), 0 left on base; Balzac 0 - San Diego 1
BOTTOM OF THE 2ND
San Diego Smashers batting - Pitching for Balzac Rams : RHP Anthony Rigsby
Batting: RHB Justin Burgess 0-0: Ball
1-0: Ball
2-0: SINGLE (Groundball, 5L)
Batting: SHB José González 0-0: Called Strike
0-1: Ball
Passed Ball!
Justin Burgess to second
1-1: Ball
Wild Pitch!
Justin Burgess to third
2-1: 2-RUN HOME RUN (Flyball, 8RXD), Distance : 426 ft
Batting: RHB Manuel Muñóz 0-0: Ground out 4-3 (Groundball, 13)
Batting: LHB Mario Olivares 0-0: Swinging Strike
0-1: Swinging Strike
0-2: Strikes out looking
Batting: LHB Pedro Cruz 0-0: Ball
1-0: Called Strike
1-1: Swinging Strike
1-2: Foul Ball, location: 2F
1-2: Strikes out swinging
Bottom of the 2nd over - 2 run(s), 2 hit(s), 0 error(s), 0 left on base; Balzac 0 - San Diego 3
TOP OF THE 3RD
Balzac Rams batting - Pitching for San Diego Smashers : LHP Xavier Velázquez
Batting: RHB Manuel Pérez 0-0: Foul Ball, location: 2F
0-1: Swinging Strike
0-2: Ball
1-2: Foul Ball, location: 2F
1-2: Foul Ball, location: 2F
1-2: Ball
2-2: Ground out 4-3 (Groundball, 4M)
Batting: RHB Shawn Bane 0-0: Called Strike
0-1: Hit by Pitch
Batting: RHB Thomas Christopher 0-0: Called Strike
0-1: Foul Ball, location: 2F
0-2: Strikes out looking
Batting: RHB Dave Craig 0-0: Called Strike
0-1: Ball
1-1: Called Strike
1-2: Strikes out swinging
Top of the 3rd over - 0 run(s), 0 hit(s), 0 error(s), 1 left on base; Balzac 0 - San Diego 3
BOTTOM OF THE 3RD
San Diego Smashers batting - Pitching for Balzac Rams : RHP Anthony Rigsby
Batting: RHB Alonso Sánchez 0-0: Swinging Strike
0-1: Ball
1-1: Foul Ball, location: 2F
1-2: Strikes out swinging
Batting: LHB Jeffrey Bascombe 0-0: Ball
1-0: Fly out, F7 (Flyball, 7LS)
Batting: RHB Cisco Gatán 0-0: Ball
1-0: Ground out 1-3 (Groundball, 23)
Bottom of the 3rd over - 0 run(s), 0 hit(s), 0 error(s), 0 left on base; Balzac 0 - San Diego 3
TOP OF THE 4TH
Balzac Rams batting - Pitching for San Diego Smashers : LHP Xavier Velázquez
Batting: RHB Kent O'Cloonan 0-0: DOUBLE (Line Drive, 8LD)
Batting: SHB Chris Bennis 0-0: Ball
1-0: Ball
2-0: Ball
3-0: Base on Balls
Batting: LHB José Berroa 0-0: Ball
1-0: Ball
2-0: Called Strike
2-1: Foul Ball, location: 2F
2-2: Fielders Choice at 2nd, 6-4 (Groundball, 6M)
Kent O'Cloonan to third
Batting: LHB Colt Pope 0-0: Ball
1-0: Called Strike
1-1: Ball
2-1: Foul Ball, location: 2F
2-2: Ball
3-2: Base on Balls
José Berroa to second
Batting: RHB Enrico Ramos 0-0: Foul Ball, location: 2F
0-1: Ball
1-1: Ball
2-1: Ball
3-1: Foul Ball, location: 2F
3-2: Foul Ball, location: 2F
3-2: Foul Ball, location: 2F
3-2: SINGLE (Line Drive, 89S)
Kent O'Cloonan scores
José Berroa to third
Colt Pope to second
Batting: RHB Manuel Pérez 0-0: Ball
1-0: Fly out, F8 (Flyball, 8LM)
Batting: RHB Shawn Bane 0-0: Ball
1-0: Ball
2-0: Ball
3-0: Base on Balls
José Berroa scores
Colt Pope to third
Enrico Ramos to second
Batting: RHB Thomas Christopher 0-0: Foul Ball, location: 2F
0-1: Ball
1-1: Ground out 6-3 (Groundball, 4M)
Top of the 4th over - 2 run(s), 2 hit(s), 0 error(s), 3 left on base; Balzac 2 - San Diego 3
BOTTOM OF THE 4TH
San Diego Smashers batting - Pitching for Balzac Rams : RHP Anthony Rigsby
Batting: LHB Noriaki Sangi 0-0: Ball
1-0: Swinging Strike
1-1: Foul Ball, location: 2F
1-2: Foul Ball, location: 2F
1-2: Ball
2-2: Foul Ball, location: 2F
2-2: Ball
3-2: Base on Balls
Batting: RHB Justin Burgess 0-0: Called Strike
0-1: Ball
1-1: Foul Ball, location: 2F
1-2: Strikes out swinging
Batting: SHB José González 0-0: Ball
1-0: Ball
2-0: Called Strike
2-1: Foul Ball, location: 2F
2-2: Foul Ball, location: 2F
2-2: SINGLE (Line Drive, 6M)
Noriaki Sangi to second
Batting: RHB Manuel Muñóz 0-0: Ball
1-0: Reached on error, E1 (Groundball, 25)
Noriaki Sangi to third
José González to second
Batting: LHB Mario Olivares 0-0: Foul Ball, location: 2F
0-1: Ball
1-1: Fly out, F7 (Flyball, 78M)
Runner from 3rd tags up, SCORES, throw made
Batting: LHB Pedro Cruz 0-0: Ball
1-0: Fly out, F7 (Popup, 5D)
Bottom of the 4th over - 1 run(s), 1 hit(s), 1 error(s), 2 left on base; Balzac 2 - San Diego 4
TOP OF THE 5TH
Balzac Rams batting - Pitching for San Diego Smashers : LHP Xavier Velázquez
Batting: RHB Dave Craig 0-0: Foul Ball, location: 2F
0-1: Swinging Strike
0-2: Foul Ball, location: 2F
0-2: Ball
1-2: Ground out 6-3 (Groundball, 6)
Batting: RHB Kent O'Cloonan 0-0: Ball
1-0: Ball
2-0: Ball
3-0: Called Strike
3-1: Called Strike
3-2: Base on Balls
Batting: SHB Chris Bennis 0-0: Ball
1-0: Called Strike
1-1: Ball
2-1: Foul Ball, location: 2F
2-2: Foul Ball, location: 2F
2-2: Ball
3-2: Ground out 1-3 (Groundball, 13S)
Kent O'Cloonan to second
Batting: LHB José Berroa 0-0: SINGLE (Groundball, 6M)
Kent O'Cloonan to third
Runner from 3rd tries for Home, SAFE, no throw or cutoff
Batting: LHB Colt Pope 0-0: Swinging Strike
0-1: Fielders Choice at 2nd, U4 (Groundball, 4M)
Top of the 5th over - 1 run(s), 1 hit(s), 0 error(s), 1 left on base; Balzac 3 - San Diego 4
BOTTOM OF THE 5TH
San Diego Smashers batting - Pitching for Balzac Rams : RHP Anthony Rigsby
Batting: RHB Alonso Sánchez 0-0: Called Strike
0-1: Ground out 4-3 (Groundball, 4)
Batting: LHB Jeffrey Bascombe 0-0: Fly out, F7 (Popup, 7LS)
Batting: RHB Cisco Gatán 0-0: Ball
1-0: Fly out, F7 (Flyball, 7M)
Bottom of the 5th over - 0 run(s), 0 hit(s), 0 error(s), 0 left on base; Balzac 3 - San Diego 4
TOP OF THE 6TH
Balzac Rams batting - Pitching for San Diego Smashers : LHP Xavier Velázquez
Pitching: RHP Pepe Guillén
Batting: RHB Enrico Ramos 0-0: Ball
1-0: Ball
2-0: Fly out, F9 (Flyball, 89M)
Batting: RHB Manuel Pérez 0-0: Foul Ball, location: 2F
0-1: Foul Ball, location: 2F
0-2: Strikes out swinging
Batting: RHB Shawn Bane 0-0: Swinging Strike
0-1: Called Strike
0-2: Foul Ball, location: 2F
0-2: Foul Ball, location: 2F
0-2: Ball
1-2: Foul Ball, location: 2F
1-2: DOUBLE (Flyball, 8LM)
Batting: RHB Thomas Christopher 0-0: Swinging Strike
0-1: Ball
1-1: Swinging Strike
1-2: Strikes out looking
Top of the 6th over - 0 run(s), 1 hit(s), 0 error(s), 1 left on base; Balzac 3 - San Diego 4
BOTTOM OF THE 6TH
San Diego Smashers batting - Pitching for Balzac Rams : RHP Anthony Rigsby
Batting: LHB Noriaki Sangi 0-0: Ball
1-0: Ground out 4-3 (Groundball, 4)
Batting: RHB Justin Burgess 0-0: Called Strike
0-1: Foul Ball, location: 2F
0-2: Ball
1-2: Foul Ball, location: 2F
1-2: Ball
2-2: Ball
3-2: Base on Balls
Batting: SHB José González Pickoff Throw to First - Error! E1
Justin Burgess to second
0-0: Fly out, F4 (Popup, 34D)
Batting: RHB Manuel Muñóz 0-0: Called Strike
0-1: Ball
1-1: Called Strike
1-2: SINGLE (Line Drive, 34D)
Justin Burgess to third
Runner from 3rd tries for Home, SAFE, no throw or cutoff
Batting: LHB Mario Olivares 0-0: DOUBLE (Line Drive, 7LS)
Manuel Muñóz to third
Runner from 3rd tries for Home, SAFE, no throw or cutoff
Batting: LHB Pedro Cruz 0-0: Ball
1-0: Ball
2-0: Called Strike
2-1: Called Strike
2-2: Strikes out swinging
Bottom of the 6th over - 2 run(s), 2 hit(s), 1 error(s), 1 left on base; Balzac 3 - San Diego 6
TOP OF THE 7TH
Balzac Rams batting - Pitching for San Diego Smashers : RHP Pepe Guillén
Batting: RHB Dave Craig 0-0: Ground out 6-3 (Groundball, 6)
Batting: RHB Kent O'Cloonan 0-0: Called Strike
0-1: Fly out, F6 (Popup, 8LS)
Batting: SHB Chris Bennis 0-0: Ball
1-0: Called Strike
1-1: Foul Ball, location: 2F
1-2: Ball
2-2: Strikes out swinging
Top of the 7th over - 0 run(s), 0 hit(s), 0 error(s), 0 left on base; Balzac 3 - San Diego 6
BOTTOM OF THE 7TH
San Diego Smashers batting - Pitching for Balzac Rams : RHP Anthony Rigsby
Pitching: RHP David Elías
Batting: RHB Alonso Sánchez 0-0: Ball
1-0: Ball
2-0: Called Strike
2-1: Fly out, F9 (Flyball, 9M)
Batting: LHB Jeffrey Bascombe 0-0: Called Strike
0-1: SINGLE (Groundball, 56D)
Batting: RHB Cisco Gatán 0-0: Called Strike
0-1: Ball
Wild Pitch!
Jeffrey Bascombe to second
1-1: Foul Ball, location: 2F
1-2: Foul Ball, location: 2F
1-2: Fly out, F9 (Flyball, 9M)
Batting: LHB Noriaki Sangi 0-0: Ball
1-0: Called Strike
1-1: Foul Ball, location: 2F
1-2: Ball
2-2: Foul Ball, location: 2F
2-2: Foul Ball, location: 2F
2-2: Fly out, F6 (Line Drive, 6)
Bottom of the 7th over - 0 run(s), 1 hit(s), 0 error(s), 1 left on base; Balzac 3 - San Diego 6
TOP OF THE 8TH
Balzac Rams batting - Pitching for San Diego Smashers : RHP Pepe Guillén
Pitching: RHP Enrique Sánchez
Now in RF: Francisco Castillo
Batting: LHB José Berroa 0-0: Ball
1-0: Called Strike
1-1: Ground out 6-3 (Groundball, 6)
Batting: LHB Colt Pope 0-0: Ball
1-0: Foul Ball, location: 2F
1-1: Called Strike
1-2: Ball
2-2: Foul Ball, location: 2F
2-2: Strikes out swinging
Batting: RHB Enrico Ramos 0-0: Called Strike
0-1: Ball
1-1: Foul Ball, location: 2F
1-2: SINGLE (Groundball, 34D)
Batting: RHB Manuel Pérez 0-0: Swinging Strike
0-1: DOUBLE (Line Drive, 5D)
Enrico Ramos to third
Batting: RHB Shawn Bane 0-0: Called Strike
0-1: Foul Ball, location: 2F
0-2: Ball
1-2: Ground out 4-3 (Groundball, 4MS)
Top of the 8th over - 0 run(s), 2 hit(s), 0 error(s), 2 left on base; Balzac 3 - San Diego 6
BOTTOM OF THE 8TH
San Diego Smashers batting - Pitching for Balzac Rams : RHP David Elías
Batting: RHB Justin Burgess 0-0: Ground out 6-3 (Groundball, 6M)
Batting: SHB José González 0-0: Ball
1-0: Called Strike
1-1: Swinging Strike
1-2: SINGLE (Groundball, 5D)
Batting: RHB Manuel Muñóz 0-0: Called Strike
0-1: Ground out 5-3 (Groundball, 5S)
José González to second
Batting: LHB Mario Olivares 0-0: Foul Ball, location: 2F
0-1: Ball
1-1: Swinging Strike
1-2: Strikes out swinging
Bottom of the 8th over - 0 run(s), 1 hit(s), 0 error(s), 1 left on base; Balzac 3 - San Diego 6
TOP OF THE 9TH
Balzac Rams batting - Pitching for San Diego Smashers : RHP Enrique Sánchez
Pitching: RHP Mark Ross
Batting: RHB Thomas Christopher 0-0: Ball
1-0: Swinging Strike
1-1: Foul Ball, location: 2F
1-2: Strikes out looking
Batting: RHB Dave Craig 0-0: Called Strike
0-1: Ball
1-1: Called Strike
1-2: SINGLE (Groundball, 34S)
Batting: RHB Kent O'Cloonan 0-0: Ball
1-0: Foul Ball, location: 2F
1-1: Ball
2-1: Ball
3-1: Foul Ball, location: 2F
3-2: Ground out 5-3 (Groundball, 56S)
Dave Craig to second
Batting: SHB Chris Bennis 0-0: Called Strike
0-1: Ball
1-1: Called Strike
1-2: Ball
2-2: Ball
3-2: Foul Ball, location: 2F
3-2: Strikes out swinging
Top of the 9th over - 0 run(s), 1 hit(s), 0 error(s), 1 left on base; Balzac 3 - San Diego 6
This league is powered by Out of the Park Baseball, the baseball management simulation game for PC, Mac and Linux
Wednesday, December 2nd, 2015 - OOTP Baseball 16.8 Build 38